 Dungeon Crawl Stone Soup version 0.27-a0-1136-g0b992a5a9d (webtiles) character file.

Game seed: 9524275160299918666

221 robertstho the Slasher (level 5, -2/42 HPs)
             Began as a Demonspawn Berserker on May 5, 2021.
             Was a Believer of Trog.
             Killed from afar by an orc wizard (8 damage)
             ... with a magic dart
             ... on level 3 of the Dungeon.
             The game lasted 00:03:53 (2453 turns).

robertstho the Slasher (Demonspawn Berserker)       Turns: 2453, Time: 00:03:53

Health: -2/42      AC:  4    Str: 18    XL:     5   Next: 65%
Magic:  5/5        EV: 12    Int:  8    God:    Trog [**....]
Gold:   86         SH:  0    Dex: 13    Spells: 4/4 levels left

rFire    . . .     SeeInvis .   a - +1 falchion
rCold    . . .     Faith    .   (no shield)
rNeg     . . .     Spirit   .   l - +0 leather armour
rPois    .         Reflect  .   (no helmet)
rElec    .         Harm     .   (no cloak)
rCorr    .         Rampage  .   (no gloves)
Will     .....                  n - +0 pair of boots
Stlth    ..........             (no amulet)
HPRegen  0.14/turn              (no ring)
MPRegen  0.09/turn              (no ring)

@: silenced, on berserk cooldown, slowed, very slow
A: talons 1
a: Renounce Religion


You were on level 3 of the Dungeon.
You worshipped Trog.
Trog was pleased with you.
You visited 1 branch of the dungeon, and saw 3 of its levels.

You collected 86 gold pieces.

Inventory:

Hand Weapons
 a - a +1 falchion (weapon)
Armour
 l - a +0 leather armour (worn)
 n - a +0 pair of boots (worn)
Scrolls
 k - 2 scrolls of holy word {unknown}
Potions
 f - a potion of magic


   Skills:
 + Level 3.9 Fighting
 + Level 4.5 Long Blades
 + Level 2.1 Armour
 + Level 2.7 Dodging
 + Level 1.2 Stealth


You had 4 spell levels left.
You didn't know any spells.
Your spell library was empty.

Dungeon Overview and Level Annotations

Branches:
Dungeon (3/15)

Altars:

Shops:
D:2 =

Annotations:
D:3 Natasha


Innate Abilities, Weirdness & Mutations

You have sharp toenails.


Message History

You barely miss something.
The orc throws a boomerang.
Something hits you but does no damage.
It was a potion of curing.
You feel better.
The white imp disappears in a puff of smoke!
Something hits you.
Natasha mumbles some strange words.
You hear some strange, mumbled words.
A puff of flame appears from out of thin air!
The puff of flame hits you.
You barely miss something. Something hits you but does no damage.
Natasha mumbles some strange words.
As you read the scroll labelled BUIZAI RIDDOT, it crumbles to dust.
The scroll dissolves into smoke.
It was a scroll of fog.
Something hits you.
The orc throws a boomerang.
The boomerang barely misses you. Something hits you.
As you read the scroll labelled LASCHO WOTTA, it crumbles to dust.
A profound silence engulfs you.
It was a scroll of silence.
Something hits you but does no damage.
The orc throws a boomerang.
The boomerang hits you.
You feel the effects of Trog's Hand fading.
Something hits you but does no damage.
The orc throws a boomerang.
The boomerang hits you but does no damage.
You miss something. Something hits you but does no damage.
You miss something. Something hits you. x2
You miss something.
Your skin stops crawling.
You feel less strong-willed. Something hits you but does no damage.
The orc throws a boomerang.
The boomerang closely misses you. Something hits you.
You miss something. Something hits you but does no damage.
You closely miss something. Something hits you. x2
* * * LOW HITPOINT WARNING * * *
Okay, then.
A magic dart appears from out of thin air!
The magic dart hits you.
* * * LOW HITPOINT WARNING * * *
The crimson imp grins evilly.
The crimson imp blinks!
A magic dart appears from out of thin air!
The magic dart hits you!
You die... ### #.. #.. 5o5

#.# #o# #.# #h#
#.# #)# #.# #o#
#.####{#########
#.....§§§......#
#.####§§@..###.
#.# #####.# ##
#.# #.# .. #.#
#.# .. #.# #.#
.# #.# #.# #.^
#######.# #.#
#.# ........#
#.# #.#
#######.#
######.#######.#


You could see an orc.

Vanquished Creatures
  Sigmund (D:2)
  3 dart slugs
  2 orcs (D:3)
  2 endoplasms
  6 goblins
  8 hobgoblins
  2 jackals (D:2)
  3 kobolds
  4 ball pythons
  A bat (D:1)
  2 frilled lizards (D:1)
  3 rats
37 creatures vanquished.

Vanquished Creatures (others)
  An orc wizard (D:3)
1 creature vanquished.

Grand Total: 38 creatures vanquished

Notes
Turn   | Place    | Note
-------+----------+-------------------------------------------
     0 | D:1      | robertstho the Demonspawn Berserker began the quest for the
                  | Orb.
     0 | D:1      | Reached XP level 1. HP: 18/18 MP: 1/1
   259 | D:1      | Found Tedyum's Jewellery Shop.
   295 | D:1      | Gained mutation: You have sharp toenails. [demonic
                  | ancestry]
   295 | D:1      | Reached XP level 2. HP: 24/24 MP: 2/2
   639 | D:1      | Reached skill level 3 in Long Blades
  1200 | D:2      | Noticed Sigmund
  1547 | D:2      | Reached XP level 3. HP: 29/29 MP: 3/3
  1549 | D:2      | Reached ** piety under Trog
  1704 | D:2      | Found Ucke's Jewellery Boutique.
  1740 | D:2      | Killed Sigmund
  1741 | D:2      | Reached skill level 4 in Long Blades
  1741 | D:2      | Reached skill level 1 in Stealth
  1741 | D:2      | Reached XP level 4. HP: 18/37 MP: 4/4
  1741 | D:2      | Reached XP level 5. HP: 21/42 MP: 5/5
  2428 | D:3      | Noticed Natasha
  2453 | D:3      | Killed from afar by an orc wizard

Illustrated notes

Levels and vault maps discovered:
D:1:      lightli_arrival_quake, layout_loops_cross, serial_shops,
          nicolae_shop_behind_doors
D:2:      layout_basic, serial_shops, nicolae_shop_crystal,
          kennysheep_nondescript, uniq_sigmund
D:3:      minmay_goblin_kobold_castle, layout_loops_ring, lemuel_tele_altar,
          basic_ecumenical_altar, uniq_natasha

Skill      XL: |  1  2  3 |
---------------+----------+-----
Long Blades    | 3 4 |  4.5
Dodging        | 2 |  2.7
Armour         | 2 |  2.1
Stealth        | 1 |  1.2
Fighting       | |  3.9

Action                   |  1- 3 |  4- 6 || total
-------------------------+-------+-------++-------
Melee: Falchion          |    69 |    48 ||   117
       Kick              |    13 |       ||    13
Invok: Berserk           |     1 |     1 ||     2
       Trog's Hand       |       |     1 ||     1
  Use: Scroll            |       |     7 ||     7
       Potion            |       |     1 ||     1
 Stab: Sleeping          |     1 |     1 ||     2
Armor: Animal skin       |    11 |       ||    11
       Leather armour    |     2 |    14 ||    16
Dodge: Dodged            |    34 |    38 ||    72
       Rpst.: Falchion   |     7 |     4 ||    11

Table legend: (Time is in decaauts)
 A = Elapsed time spent in this place.
 B = Non-inter-level travel time spent in this place.
 C = Inter-level travel time spent in this place.
 D = Time resting spent in this place.
 E = Time spent auto-exploring this place.
 F = Levels seen in this place.
 G = Mean time per level.
                   A        B        C        D        E       F      G
               +--------+--------+--------+--------+--------+-----+--------+
         Total |   2476 |   2387 |     89 |    388 |   1595 |   3 |  825.3 |
       Dungeon |   2476 |   2387 |     89 |    388 |   1595 |   3 |  825.3 |
               +--------+--------+--------+--------+--------+-----+--------+

Top non-repeatable levels by time:
     D:1: 1263 daAuts
     D:2: 829 daAuts
     D:3: 383 daAuts
